 Dungeon Crawl Stone Soup version 0.32-a0-656-g3542139ebd (webtiles) character file.

Game seed: 8531977406742662924

555 gimp the Chopper (level 7, -3/61 HPs)
             Began as a Ghoul Gladiator on Mar 8, 2024.
             Slain by a gnoll
             ... wielding a +0 flail
             ... led by a gnoll bouda
              (4 damage)
             ... on level 5 of the Dungeon.
             The game lasted 00:06:07 (4147 turns).

gimp the Chopper (Ghoul Gladiator)                  Turns: 4147, Time: 00:06:08

Health: -3/61      AC: 11    Str: 20    XL:     7   Next: 30%
Magic:  7/7        EV:  4    Int:  7    God:
Gold:   197        SH:  0    Dex: 10    Spells: 6/6 levels left

rFire   . . .        a - +0 war axe
rCold   + . .        (no shield)
rNeg    + + +        i - +0 chain mail
rPois   ∞            c - +0 helmet
rElec   .            f - +0 cloak
rCorr   .            (no gloves)
SInv    .            l - +0 pair of boots
Will    .....        (no amulet) Stlth
                     (no ring)
HPRegen 0.00/turn    (no ring)
MPRegen 0.10/turn

%: no passive effects
@: held, inhibited regen
A: claws 1, cold resistance 1, negative energy resistance 3, inhibited
regeneration, torment resistance 2, devour on kill
a: no special abilities


You were on level 5 of the Dungeon.
You visited 1 branch of the dungeon, and saw 5 of its levels.

You collected 197 gold pieces.

Inventory:

Hand Weapons
 a - a +0 war axe (weapon)
Missiles
 d - 5 throwing nets
 e - a javelin
Armour
 c - a +0 helmet (worn)
 f - a +0 cloak (worn)
 i - a +0 chain mail (worn)
 l - a +0 pair of boots (worn)
Jewellery
 r - a ring of magical power
Wands
 p - a wand of flame (20)
Scrolls
 b - 2 scrolls of identify {unknown}
 g - 2 scrolls of enchant armour {unknown}
 k - a scroll of poison {unknown}
 q - a scroll of blinking {unknown}
 t - a scroll of vulnerability {unknown}
Potions
 h - a potion of might {unknown}
 j - 4 potions of curing {unknown}
 m - a potion of heal wounds {unknown}
 n - a potion of enlightenment {unknown}
 o - a potion of ambrosia {unknown}
 s - a potion of degeneration {unknown}


   Skills:
 + Level 5.2 Fighting
 * Level 6.2 Axes
 - Level 1.7 Throwing
 - Level 2.6 Dodging


You had 6 spell levels left.
You didn't know any spells.
Your spell library contained the following spells:

 Spells                   Type           Power      Damage    Failure   Level
 Ensorcelled Hibernation  Hex/Ice        0%         N/A       99%         2
 Fugue of the Fallen      Necr           0%         N/A       100%        3
 Passwall                 Erth           0%         N/A       100%        3
 Swiftness                Air            0%         N/A       100%        3
 Anguish                  Hex/Necr       0%         N/A       100%        4


Dungeon Overview and Level Annotations

Branches:
Dungeon (5/15)
 Temple: D:4-7

Altars:

Annotations:
D:3 Eustachio


Innate Abilities, Weirdness & Mutations

You are immune to poison.
You have sharp fingernails.
Your flesh is cold resistant. (rC+)
You are immune to negative energy. (rN+++)
You do not regenerate when monsters are visible.
You are immune to unholy pain and torment.
You thrive by killing the living.


Message History

You kill the orc!
No target in view!
No target in view!
You see here a +0 hand axe.
A phantom comes into view.
Found a scroll labelled UFOONL PUXOST.
A phantom is nearby!
There is an open door here.
As you close the door, it creaks loudly!
The phantom hits you but does no damage.
You completely miss the phantom.
The phantom hits you but does no damage.
You slash the phantom!
The phantom is moderately damaged.
The phantom closely misses you.
You slash the phantom!
The phantom is heavily damaged.
The phantom hits you but does no damage.
You hit the phantom.
The phantom is heavily damaged.
The phantom hits you but does no damage.
The phantom barely misses you.
You closely miss the phantom.
The phantom is heavily damaged.
The phantom hits you but does no damage.
You hit the phantom.
The phantom is heavily damaged.
The phantom hits you.
You take 4 damage, and have 57/61 hp.
You slash the phantom!
You destroy the phantom!
No target in view!
No target in view!
As you open the door, it creaks loudly!
Found a stone staircase leading down.
Health restored: 61
t - a scroll labelled UFOONL PUXOST
There is a stone staircase leading down here.
An orc comes into view. It is wielding a +0 mace.
Found a stone staircase leading down.
The orc shouts!
You hear a shout! x4
An orc is nearby!
The orc hits you with a +0 mace.
You take 3 damage, and have 58/61 hp.
You closely miss the orc.
A gnoll comes into view. It is wielding a +0 flail.
The orc barely misses you.
The gnoll shouts!
You hit the orc.
The orc is heavily wounded.
The orc barely misses you.
A gnoll comes into view.
It is wielding a +3 halberd of protection.
The orc hits you with a +0 mace.
A gnoll comes into view. It is wielding a +0 flail.
A gnoll comes into view. It is wielding a +0 halberd.
You take 4 damage, and have 54/61 hp.
You closely miss the orc.
The orc is heavily wounded.
The gnoll shouts!
The orc hits you with a +0 mace.
You take 4 damage, and have 50/61 hp.
You hit the orc.
The orc is almost dead.
The orc hits you but does no damage. The orc closely misses you.
You hit the orc but do no damage.
The orc is severely wounded.
The orc hits you but does no damage.
You hit the orc but do no damage.
The orc is severely wounded.
The orc hits you but does no damage.
You hit the orc.
You kill the orc!
You feel better.
The gnoll hits you from afar with a +0 halberd!
The gnoll throws a throwing net.
The throwing net hits you.
You become entangled in the net!
You take 6 damage, and have 44/61 hp.
You are held in a net!
You struggle against the net.
The gnoll hits you from afar with a +3 halberd of protection.
The gnoll hits you but does no damage. The gnoll hits you with a +0 flail.
The gnoll hits you from afar with a +0 halberd!
You take 20 damage, and have 24/61 hp.
MASSIVE DAMAGE!!
You struggle against the net.
The gnoll barely misses you. The gnoll hits you with a +0 flail.
* * * LOW HITPOINT WARNING * * *
The gnoll hits you with a +0 flail.
* * * LOW HITPOINT WARNING * * *
The gnoll hits you from afar with a +0 halberd!
* * * LOW HITPOINT WARNING * * *
You take 22 damage, and have 2/61 hp.
MASSIVE DAMAGE!!
Okay, then.
Okay, then.
Unknown command.
You tear a large gash into the net.
The gnoll hits you from afar with a +3 halberd of protection.
* * * LOW HITPOINT WARNING * * *
The gnoll hits you with a +0 flail.
You die...

.... ..##
#.# ...#
### #.#
...# g.
#.# ...+
...>. ...#
g#.###
...# .gg.
...#
########g#
...#
.......@g#
...#
########.#
...# #.#
...# #.#
...# #.#
...# #.#
#.# #.#
#.#


You could see 4 gnolls.

Vanquished Creatures
  An ogre (D:5)
  A phantom (D:5)
  Blork the orc (D:4)
  A hound (D:5)
  An iguana (D:4)
  Ijyb (D:4)
  An orc wizard (D:5)
  Natasha (thrice) (D:2)
  5 adders
  3 white imps
  A dart slug (D:2)
  A ribbon worm (D:3)
  5 orcs
  8 ball pythons
  An endoplasm (D:4)
  2 giant cockroaches
  7 goblins
  8 hobgoblins
  3 jackals (D:2)
  6 kobolds
  A quokka (D:2)
  6 bats
  3 frilled lizards
  3 rats
73 creatures vanquished.

Notes
Turn   | Place    | Note
-------+----------+-------------------------------------------
     0 | D:1      | gimp the Ghoul Gladiator began the quest for the Orb.
     0 | D:1      | Reached XP level 1. HP: 17/17 MP: 1/1
   227 | D:1      | Reached skill level 3 in Axes
   320 | D:1      | Reached XP level 2. HP: 20/25 MP: 2/2
  1016 | D:2      | Reached XP level 3. HP: 30/30 MP: 3/3
  1135 | D:2      | Noticed Natasha
  1168 | D:2      | HP: 1/30 [cerulean imp/+1 spear[Natasha] (1)]
  1169 | D:2      | Killed Natasha
  1324 | D:2      | Noticed Natasha
  1335 | D:2      | Killed Natasha
  1336 | D:2      | Reached skill level 4 in Axes
  1336 | D:2      | Reached XP level 4. HP: 38/38 MP: 4/4
  1350 | D:2      | Noticed Natasha
  1359 | D:2      | Killed Natasha
  1422 | D:2      | Reached XP level 5. HP: 45/45 MP: 5/5
  2450 | D:4      | Noticed Ijyb
  2453 | D:4      | Noticed Eustachio
  2725 | D:4      | Killed Ijyb
  2792 | D:4      | Identified the +1 scale mail of Jockonul {^Drain Str-5
                  | Int+8 SInv}
  3104 | D:4      | Noticed Blork the orc
  3128 | D:4      | Killed Blork the orc
  3129 | D:4      | Reached skill level 5 in Axes
  3129 | D:4      | Reached XP level 6. HP: 40/53 MP: 6/6
  3618 | D:5      | Entered Level 5 of the Dungeon
  3883 | D:5      | Reached XP level 7. HP: 50/60 MP: 7/7
  3929 | D:5      | Reached skill level 6 in Axes
  4010 | D:5      | Reached skill level 5 in Fighting
  4146 | D:5      | HP: 2/61 [gnoll/+0 halberd[a gnoll bouda] (11)]
  4147 | D:5      | Slain by a gnoll

Illustrated notes

Levels and vault maps discovered:
D:1:      saegor_arrival_simple_a, layout_basic, serial_bayou_crossing
D:2:      layout_loops_ring, uniq_natasha
D:3:      layout_basic
D:4:      layout_loops_ring, uniq_eustachio, uniq_blork_the_orc, uniq_ijyb
D:5:      layout_basic

Skill      XL: |  1  2  3  4  5  6  7 |
---------------+----------------------+-----
Axes           | 3 4 5 6 |  6.2
Fighting       | 3 4 5 |  5.2
Throwing       | |  1.7
Dodging        | |  2.6

Action                     |  1- 3 |  4- 6 |  7- 9 || total
---------------------------+-------+-------+-------++-------
  Melee: War axe           |    72 |   179 |    20 ||   271
  Throw: Throwing net      |     2 |     3 |       ||     5
  Evoke: Wand              |       |     3 |       ||     3
 Armour: Leather armour    |    26 |       |       ||    26
         Chain mail        |    73 |   185 |    30 ||   288
  Dodge: Dodged            |    59 |    81 |     8 ||   148

Table legend: (Time is in decaauts)
 A = Elapsed time spent in this place.
 B = Non-inter-level travel time spent in this place.
 C = Inter-level travel time spent in this place.
 D = Time resting spent in this place.
 E = Time spent auto-exploring this place.
 F = Levels seen in this place.
 G = Mean time per level.
                   A        B        C        D        E       F      G
               +--------+--------+--------+--------+--------+-----+--------+
         Total |   4239 |   4089 |    150 |     25 |   3271 |   5 |  847.8 |
       Dungeon |   4239 |   4089 |    150 |     25 |   3271 |   5 |  847.8 |
               +--------+--------+--------+--------+--------+-----+--------+

Top non-repeatable levels by time:
     D:2: 1009 daAuts
     D:4: 959 daAuts
     D:1: 943 daAuts
     D:3: 813 daAuts
     D:5: 512 daAuts
